Map: [ESL] Gresvan

Players

DnS - Winner!

  • Race: Protoss Protoss
  • Spawn Location: 5:00

Gerald

  • Race: Protoss Protoss
  • Spawn Location: 11:00

Event: ESL SC2 Masters 2023 Summer (Regionals)

VOD

Have the link to the VOD?

Description

Time

  • Played on: May 14, 2023, 12:55 p.m.
  • Length: 13:50

All games in this series

Show
View Real Time Build Order
Export as new Build Order

DnS Protoss - Winner!

Build Orders: Blink Stalkers 

Get SALT Encoding   

  12  0:00  Probe  
  13  0:12  Probe  
  14  0:17  Pylon  
  14  0:24  Probe (Chrono Boost)  
  15  0:36  Probe (Chrono Boost)  
  15  0:37  Gateway  
  16  0:44  Probe (Chrono Boost)  
  16  0:45  Assimilator  
  17  0:51  Probe  
  17  0:54  Assimilator  
  18  1:03  Probe (Chrono Boost)  
  19  1:06  Gateway  
  19  1:12  Probe (Chrono Boost)  
  19  1:17  Probe (Chrono Boost)  
  20  1:24  Cybernetics Core  
  21  1:29  Probe  
  22  1:34  Pylon  
  22  1:41  Probe  
  23  1:53  Probe  
  24  2:01  Stalker x2  
  24  2:03  Warp Gate  
  28  2:11  Pylon  
  29  2:15  Probe  
  29  2:31  Sentry x2  
  32  2:47  Twilight Council  
  32  2:52  Nexus  
  32  2:57  Probe  
  33  3:09  Probe  
  34  3:12  Shield Battery  
  34  3:18  Blink (Chrono Boost)  
  34  3:21  Probe  
  34  3:26  Shield Battery  
  35  3:27  Pylon  
  35  3:33  Probe  
  36  3:45  Probe  
  37  3:50  Stalker x2  
  37  3:52  Shield Battery  
  41  3:58  Probe (Chrono Boost)  
  42  4:06  Probe (Chrono Boost)  
  44  4:12  Shield Battery  
  44  4:16  Probe (Chrono Boost)  
  45  4:19  Probe (Chrono Boost)  
  45  4:20  Stalker x2  
  46  4:26  Probe (Chrono Boost)  
  46  4:28  Probe (Chrono Boost)  
  48  4:38  Probe (Chrono Boost)  
  48  4:40  Probe (Chrono Boost)  
  48  4:43  Probe (Chrono Boost)  
  49  4:48  Probe, Stalker x2  
  54  4:54  Pylon  
  54  4:55  Probe  
  55  5:01  Probe  
  56  5:08  Probe  
  56  5:13  Probe  
  58  5:15  Nexus  
  58  5:20  Probe  
  59  5:22  Pylon  
  59  5:26  Stalker  
  61  5:35  Probe  
  60  5:36  Stalker  
  60  5:37  Probe  
  58  5:47  Probe  
  60  5:50  Probe  
  60  5:51  Pylon  
  60  5:59  Probe  
  60  6:02  Probe  
  60  6:04  Assimilator  
  60  6:08  Stalker x2  
  60  6:11  Probe  
  65  6:13  Robotics Facility  
  65  6:14  Probe  
  66  6:22  Gateway  
  66  6:23  Probe, Charge  
  66  6:24  Shield Battery  
  67  6:28  Probe x2  
  69  6:34  Stalker  
  69  6:37  Stalker  
  73  6:41  Probe  
  72  6:52  Probe x2 (Chrono Boost)  
  71  6:54  Probe (Chrono Boost)  
  71  6:56  Pylon  
  71  7:02  Observer (Chrono Boost)  
  71  7:04  Probe x2 (Chrono Boost), Sentry x2  
  71  7:05  Forge  
  71  7:06  Probe (Chrono Boost)  
  79  7:10  Probe x2 (Chrono Boost)  
  79  7:11  Probe (Chrono Boost)  
  79  7:14  Immortal (Chrono Boost)  
  82  7:17  Probe  
  82  7:18  Probe  
  82  7:20  Probe  
  82  7:21  Stalker  
  91  7:29  Probe  
  92  7:30  Probe  
  92  7:32  Pylon, Stalker x2, Protoss Ground Weapons Level 1 (Chrono Boost)  
  92  7:33  Pylon  
  92  7:34  Probe  
  92  7:36  Assimilator  
  98  7:43  Observer (Chrono Boost)  
  98  7:46  Probe x2  
  98  7:48  Pylon  
  101  7:54  Probe  
  101  7:57  Gateway  
  101  7:58  Probe  
  103  7:59  Gateway  
  103  8:01  Gateway  
  103  8:02  Stalker x2  
  108  8:05  Observer  
  108  8:09  Stalker  
  110  8:14  Nexus  
  110  8:15  Probe  
  110  8:16  Probe  
  112  8:20  Probe  
  112  8:29  Stalker x2  
  112  8:30  Photon Cannon  
  112  8:31  Observer (Chrono Boost)  
  117  8:34  Stalker  
  118  8:47  Nexus, Photon Cannon  
  118  8:48  Pylon  
  118  8:49  Assimilator  
  118  8:51  Pylon x3  
  118  9:08  Pylon  
  118  9:09  Probe x3, Observer  
  122  9:10  Shield Battery  
  122  9:12  Stalker x6  
  134  9:22  Gateway  
  134  9:24  Gateway, Protoss Ground Weapons Level 2 (Chrono Boost)  
  134  9:25  Dark Shrine  
  134  9:30  Probe x3  
  137  9:41  Stalker x3  
  137  9:42  Zealot  
  137  9:44  Warp Prism (Chrono Boost)  
  145  9:52  Pylon  
  147  9:54  Pylon  
  147  10:00  Photon Cannon  
  147  10:01  Stalker x2  
  147  10:02  Probe  
  147  10:03  Probe  
  151  10:16  Stalker x4  
  151  10:17  Stalker  
  147  10:35  Probe x3  
  142  10:36  Probe  
  142  10:37  Assimilator x2  
  142  10:38  Stalker x3, Photon Cannon  
  142  10:41  Photon Cannon  
  149  10:44  Dark Templar x2  
  149  10:47  Stalker x2  
  157  10:51  Gateway  
  157  10:52  Gateway  
  153  11:05  Stalker x4  
  153  11:10  Probe  
  162  11:13  Nexus  
  162  11:17  Pylon  
  160  11:20  Stalker x4  
  160  11:23  Probe x3  
  160  11:24  Probe  
  170  11:32  Stalker x4  
  172  11:34  Observer  
  160  11:50  Stalker x4  
  160  11:51  Stalker x2  
  159  11:56  Observer (Chrono Boost)  
  159  11:57  Zealot x3  
  159  11:59  Photon Cannon  
  166  12:06  Probe x2  
  166  12:07  Probe  
  161  12:12  Stalker  
  161  12:15  Zealot x4, Dark Templar  
  164  12:16  Observer (Chrono Boost)  
  164  12:18  Observer  
  164  12:20  Stalker x2  
  161  12:29  Stalker x2  
  159  12:31  Photon Cannon  
  149  12:44  Photon Cannon  
  149  12:48  Stalker x2  
  149  12:49  Stalker x6  
  165  12:54  Stalker x2  
  169  13:06  Nexus  
  139  13:20  Stalker  
  139  13:21  Stalker x8  
  143  13:41  Stalker  
Show
View Real Time Build Order
Export as new Build Order

Gerald Protoss 

Build Orders:  

Get SALT Encoding   

  12  0:00  Probe  
  13  0:12  Probe  
  14  0:17  Pylon  
  14  0:24  Probe (Chrono Boost)  
  16  0:37  Probe (Chrono Boost), Gateway  
  16  0:42  Probe (Chrono Boost)  
  16  0:45  Assimilator  
  17  0:51  Probe  
  17  0:53  Assimilator  
  18  1:03  Probe (Chrono Boost)  
  19  1:07  Gateway  
  19  1:13  Probe (Chrono Boost)  
  19  1:18  Probe (Chrono Boost)  
  20  1:24  Cybernetics Core  
  21  1:30  Probe  
  22  1:34  Pylon  
  22  1:42  Probe  
  23  1:54  Probe  
  24  2:00  Adept x2  
  24  2:01  Warp Gate  
  28  2:06  Probe  
  29  2:13  Pylon  
  29  2:14  Pylon  
  29  2:19  Probe  
  30  2:26  Robotics Facility  
  30  2:32  Probe  
  30  2:36  Sentry  
  30  2:37  Stalker  
  35  2:44  Shield Battery  
  35  2:45  Probe  
  36  2:57  Probe  
  36  3:03  Pylon  
  36  3:06  Stalker  
  38  3:22  Nexus  
  38  3:25  Probe  
  39  3:32  Pylon  
  39  3:44  Twilight Council  
  39  3:48  Shield Battery  
  39  3:50  Probe (Chrono Boost)  
  40  3:59  Observer  
  40  4:02  Probe (Chrono Boost), Stalker  
  44  4:11  Probe  
  45  4:23  Probe  
  44  4:26  Immortal (Chrono Boost)  
  44  4:31  Blink (Chrono Boost)  
  46  4:35  Probe x2  
  48  4:40  Adept  
  48  4:45  Adept  
  52  4:53  Probe x2  
  54  5:02  Immortal (Chrono Boost)  
  54  5:05  Probe x2  
  60  5:07  Assimilator  
  60  5:10  Pylon  
  60  5:17  Gateway  
  60  5:22  Stalker  
  61  5:33  Probe  
  59  5:36  Probe, Immortal (Chrono Boost)  
  60  5:43  Stalker  
  60  5:45  Probe  
  60  5:49  Probe  
  58  6:01  Stalker  
  61  6:14  Warp Prism  
  62  6:19  Nexus  
  62  6:27  Pylon  
  62  6:36  Dark Shrine  
  62  6:41  Probe x2  
  58  6:52  Stalker x3  
  58  6:53  Probe x2 (Chrono Boost)  
  66  6:57  Pylon  
  66  7:03  Probe x2 (Chrono Boost)  
  66  7:08  Probe x2 (Chrono Boost)  
  68  7:13  Gateway  
  70  7:17  Observer  
  70  7:19  Probe x2, Pylon  
  72  7:23  Gateway  
  72  7:26  Pylon  
  72  7:31  Probe x2  
  72  7:35  Forge  
  74  7:37  Stalker  
  74  7:38  Stalker  
  74  7:42  Stalker  
  74  7:43  Probe  
  81  7:45  Shield Battery  
  81  7:59  Probe (Chrono Boost)  
  81  8:05  Probe (Chrono Boost), Pylon  
  84  8:06  Probe (Chrono Boost)  
  84  8:09  Probe (Chrono Boost), Dark Templar  
  84  8:10  Dark Templar x2  
  91  8:17  Probe  
  92  8:22  Probe  
  92  8:26  Probe  
  93  8:28  Assimilator  
  93  8:30  Probe, Robotics Bay  
  93  8:34  Assimilator  
  94  8:35  Assimilator  
  94  8:36  Probe  
  94  8:37  Protoss Ground Weapons Level 1 (Chrono Boost)  
  96  8:45  Gateway x2  
  96  8:46  Photon Cannon  
  95  8:54  Nexus  
  95  8:58  Pylon  
  95  8:59  Probe  
  95  9:01  Robotics Facility  
  96  9:03  Stalker x2  
  96  9:05  Probe  
  96  9:06  Probe  
  96  9:09  Pylon  
  102  9:11  Probe  
  102  9:15  Disruptor (Chrono Boost)  
  104  9:17  Pylon  
  104  9:22  Robotics Facility  
  106  9:27  Probe  
  106  9:28  Photon Cannon  
  106  9:29  Shield Battery  
  106  9:30  Pylon  
  107  9:31  Probe  
  108  9:40  Photon Cannon  
  108  9:43  Disruptor  
  108  9:44  Photon Cannon  
  111  9:47  Archon  
  111  9:48  Dark Templar  
  111  9:50  Stalker  
  115  9:56  Shield Battery  
  115  9:57  Pylon  
  115  9:59  Archon, Stalker  
  117  10:03  Disruptor  
  120  10:18  Stalker x2  
  120  10:19  Disruptor, Stalker  
  127  10:27  Stalker x2  
  127  10:28  Probe  
  122  10:35  Probe (Chrono Boost), Protoss Ground Weapons Level 2 (Chrono Boost)  
  116  10:37  Assimilator  
  116  10:38  Assimilator  
  116  10:39  Probe (Chrono Boost)  
  116  10:42  Probe (Chrono Boost)  
  118  10:44  Observer  
  118  10:46  Probe (Chrono Boost)  
  118  10:47  Probe (Chrono Boost)  
  122  10:51  Probe (Chrono Boost)  
  122  10:52  Probe (Chrono Boost)  
  122  10:53  Probe (Chrono Boost), Shadow Stride (Chrono Boost)  
  122  10:54  Probe (Chrono Boost), Photon Cannon  
  122  10:56  Pylon  
  124  10:57  Disruptor  
  124  11:00  Probe  
  128  11:08  Nexus  
  128  11:10  Stalker  
  130  11:12  Probe  
  130  11:14  Stalker  
  133  11:21  Probe  
  133  11:23  Stalker x3  
  133  11:25  Nexus  
  136  11:28  Disruptor  
  139  11:34  Probe  
  139  11:37  Pylon, Photon Cannon  
  139  11:39  Pylon  
  127  11:51  Dark Templar x3  
  128  11:55  Dark Templar  
  128  11:58  Probe  
  128  11:59  Photon Cannon  
  128  12:00  Stalker x2  
  135  12:06  Zealot  
  118  12:22  Disruptor x2  
  104  12:35  Disruptor  
  102  12:45  Dark Templar  
  102  12:46  Dark Templar  
  106  12:52  Photon Cannon  
  106  12:54  Nexus, Pylon x2  
  106  12:58  Disruptor  
  106  12:59  Stalker  
  95  13:14  Stalker x4  
  103  13:25  Photon Cannon  
  104  13:28  Photon Cannon  
  104  13:29  Shield Battery  
  104  13:30  Photon Cannon  
  104  13:34  Zealot x3  
  97  13:38  Dark Templar x2  
  97  13:39  Stalker  
Tags
 
Add a new tag
Caveats
  • Supply blocks, unpowered buildings, or Contaminate may cause inaccurate times.
  • Supply counts are checked every 10 seconds.